 Dungeon Crawl Stone Soup version 0.29.1-1-gd02db6906a (webtiles) character file.

Game seed: 17320841281539865757

450 swilekon the Chopper (level 7, -7/61 HPs)
             Began as a Hill Orc Monk on Sept 15, 2022.
             Killed by nerve-wracking pain
             ... invoked by Grinder
              (13 damage)
             ... on level 4 of the Dungeon.
             The game lasted 00:06:17 (5562 turns).

swilekon the Chopper (Hill Orc Monk)                Turns: 5562, Time: 00:06:17

Health: -7/61      AC: 12    Str: 16    XL:     7   Next: 4%
Magic:  7/7        EV:  5    Int: 10    God:
Gold:   241        SH:  0    Dex: 13    Spells: 6/6 levels left

rFire   . . .      SeeInvis .   g - +0 war axe
rCold   . . .      Faith    .   (no shield)
rNeg    . . .      Spirit   .   o - +0 plate armour
rPois   .          Reflect  .   (no helmet)
rElec   .          Harm     .   (no cloak)
rCorr   .          Rampage  .   (no gloves)
Will    .....                   (no boots)
Stlth   ..........              (no amulet)
HPRegen 0.20/turn               (no ring)
MPRegen 0.10/turn               (no ring)

@: no status effects
A: no striking features
a: no special abilities


You were on level 4 of the Dungeon.
You visited 1 branch of the dungeon, and saw 4 of its levels.

You collected 241 gold pieces.

Inventory:

Hand Weapons
 g - a +0 war axe (weapon)
Missiles
 q - a throwing net (quivered)
Armour
 o - a +0 plate armour (worn)
Jewellery
 b - an amulet of reflection
 s - an amulet of guardian spirit
Wands
 l - a wand of flame (17)
Scrolls
 a - 5 scrolls of identify {unknown}
 e - 2 scrolls of teleportation {unknown}
 h - 2 scrolls of magic mapping {unknown}
 k - a scroll of noise {unknown}
 n - a scroll of fear {unknown}
 p - 3 scrolls of blinking {unknown}
 r - a scroll of amnesia {unknown}
 u - a scroll of poison {unknown}
 v - a scroll of enchant armour {unknown}
Potions
 c - 2 potions of ambrosia
 d - 2 potions of curing {unknown}
 f - a potion of degeneration {unknown}
 i - a potion of magic {unknown}
 j - 2 potions of heal wounds {unknown}
 m - a potion of might {unknown}
 t - a potion of lignification {unknown}


   Skills:
 + Level 5.2 Fighting
 * Level 7.1 Axes
 * Level 4.6 Armour
 - Level 2.4 Dodging
 - Level 1.5 Stealth


You had 6 spell levels left.
You didn't know any spells.
Your spell library contained the following spells:

 Spells                   Type           Power      Damage    Failure   Level
 Necrotise                Necr           0%         1d4       100%        1
 Sandblast                Erth           0%         2d4       100%        1
 Slow                     Hex            0%         N/A       100%        1
 Passwall                 Tmut/Erth      0%         N/A       100%        2
 Confusing Touch          Hex            0%         N/A       100%        3
 Portal Projectile        Hex/Tloc       0%         N/A       100%        3
 Stone Arrow              Conj/Erth      0%         3d7       100%        3
 Tukima's Dance           Hex            0%         N/A       100%        3
 Vampiric Draining        Necr           0%         2d6       100%        3
 Agony                    Necr           0%         N/A       100%        5
 Blade Hands              Tmut           0%         N/A       100%        5


Dungeon Overview and Level Annotations

Branches:
Dungeon (4/15)
 Temple: D:4-7

Altars:
Cheibriados
Sif Muna
Wu Jian

Shops:
D:3 ((

Annotations:
D:4 Grinder


Message History

You hit Grinder but do no damage.
Grinder is lightly wounded.
Grinder hits you.
You writhe in agony.
You slash Grinder!
Grinder is heavily wounded.
Grinder hits you. Grinder hits you but does no damage.
You closely miss Grinder.
Grinder is heavily wounded.
Grinder blinks!
Grinder hits you but does no damage.
You barely miss Grinder.
Grinder is heavily wounded.
Grinder gestures at you.
You suddenly lose the ability to move!
Grinder hits you but does no damage. Grinder hits you!
You writhe in agony.
Grinder hits you.
You writhe in agony.
Grinder hits you but does no damage.
You can move again.
You are too injured to fight recklessly!
You are too injured to fight recklessly!
You hit Grinder.
Grinder is heavily wounded.
Grinder says, "I used to sell toenails on the black market."
Grinder hits you.
You writhe in agony.
* * * LOW HITPOINT WARNING * * *
You barely miss Grinder.
Grinder is heavily wounded.
Grinder gestures at you. Pain shoots through your body!
* * * LOW HITPOINT WARNING * * *
You hit Grinder but do no damage.
Grinder is heavily wounded.
Grinder barely misses you.
Unknown command.
You hit Grinder.
Grinder is severely wounded.
Grinder gestures at you. Pain shoots through your body!
You die...

##########
##........#### ####
#....†.......## ...
#.###'###.....## ..
#.#.....#......# .
#.#..@..#..##..## #
#..#..5.[#..###..##
# #..#...$.#.##
##..## #
#..#.....#.#
#...####
#..#######.#
##...#..
#..........#
###.....
#.....######
#....... ######
#....... ##.......


You could see Grinder.

Vanquished Creatures
  Blork the orc (D:3)
  An orc priest (D:4)
  A centaur skeleton (D:3)
  Jessica (D:2)
  An iguana (D:4)
  Natasha (thrice) (D:3)
  A hound zombie (D:3)
  11 adders
  A shadow imp (D:3)
  2 worms (D:3)
  An adder simulacrum (D:3)
  A dart slug (D:2)
  5 orcs
  8 endoplasms
  A giant cockroach (D:4)
  6 goblins
  4 hobgoblins
  3 jackals (D:2)
  3 quokkas
  5 ball pythons
  A ball python skeleton (D:3)
  2 bats
  2 frilled lizards
  3 kobolds
  A quokka skeleton (D:3)
  A quokka zombie (D:3)
  2 rats
72 creatures vanquished.

Vanquished Creatures (others)
  13 withered plants (D:3)
13 creatures vanquished.

Grand Total: 85 creatures vanquished

Notes
Turn   | Place    | Note
-------+----------+-------------------------------------------
     0 | D:1      | swilekon the Hill Orc Monk began the quest for the Orb.
     0 | D:1      | Reached XP level 1. HP: 19/19 MP: 1/1
   709 | D:1      | Reached XP level 2. HP: 21/27 MP: 2/2
   889 | D:1      | Reached skill level 1 in Armour
  1316 | D:2      | Reached XP level 3. HP: 20/33 MP: 3/3
  1735 | D:2      | Reached skill level 5 in Axes
  1988 | D:2      | Noticed Jessica
  1993 | D:2      | Reached XP level 4. HP: 34/40 MP: 4/4
  1994 | D:2      | Killed Jessica
  2120 | D:2      | Found a faded altar of an unknown god.
  2622 | D:3      | Found Oxilemix's Antique Weapon Emporium.
  2878 | D:3      | Noticed Natasha
  2880 | D:3      | Found the +4 dagger "Morg" {pain, Will+ Int+5}
  2885 | D:3      | Killed Natasha
  2886 | D:3      | Reached XP level 5. HP: 35/47 MP: 5/5
  3153 | D:3      | Found a snail-covered altar of Cheibriados.
  3235 | D:3      | Found Migi's Weapon Boutique.
  3258 | D:3      | Noticed Natasha
  3266 | D:3      | Reached skill level 6 in Axes
  3274 | D:3      | Killed Natasha
  3479 | D:3      | Reached XP level 6. HP: 53/53 MP: 6/6
  3536 | D:3      | Noticed Natasha
  3541 | D:3      | Killed Natasha
  4178 | D:4      | Noticed Blork the orc
  4319 | D:3      | Killed Blork the orc
  4320 | D:3      | Reached skill level 5 in Fighting
  4909 | D:4      | Reached skill level 7 in Axes
  5135 | D:4      | Found an ornate altar of the Wu Jian Council.
  5381 | D:4      | Reached XP level 7. HP: 45/61 MP: 7/7
  5537 | D:4      | Found a shimmering blue altar of Sif Muna.
  5537 | D:4      | Noticed Grinder
  5554 | D:4      | Paralysed by Grinder for 5 turns
  5562 | D:4      | Killed from afar by Grinder

Illustrated notes

Levels and vault maps discovered:
D:1:      amcnicky_arrival_feature_with_door, layout_basic
D:2:      layout_basic, shapermc_ecumenical_altar_pompeii,
          kennysheep_generic_room_4, uniq_jessica
D:3:      minmay_door_path, layout_rooms, amethyst_overflow_temple_binary,
          mainiacjoe_overflow_alcove_4, serial_shops, nicolae_shop_waterfront,
          nicolae_shop_bloodbath_and_beyond, dilly_guarded_unrand_morg
D:4:      layout_cave_pods, amcnicky_altar_gilded, lemuel_round_altar,
          uniq_grinder, uniq_blork_the_orc

Skill      XL: |  1  2  3  4  5  6 |
---------------+-------------------+-----
Armour         | 1 2 3 4 |  4.6
Fighting       | 4 5 |  5.2
Axes           | 5 6 7 |  7.1
Dodging        | |  2.4
Stealth        | |  1.5

Action                   |  1- 3 |  4- 6 |  7- 9 || total
-------------------------+-------+-------+-------++-------
Melee: Hand axe          |    21 |       |       ||    21
       War axe           |    57 |   145 |    14 ||   216
       Punch             |     1 |     2 |       ||     3
 Stab: Sleeping          |     2 |     1 |       ||     3
Armor: Robe              |    15 |     3 |       ||    18
       Plate armour      |       |   115 |     5 ||   120
Dodge: Dodged            |    61 |    39 |     5 ||   105
